Description

This is an early timing attack build that aims to take advantage of Twilight Council tech choice. TY and SpeCial are two players that popularised it.

VOD

https://youtu.be/i_OKSMjgyN4?t=240

Replay - King's Cove LE (3)

Build Order

Get SALT Encoding   

  12  0:00  SCV  
  13  0:12  SCV  
  14  0:18  Supply Depot  
  14  0:25  SCV  
  15  0:39  SCV  
  15  0:41  Barracks  
  16  0:47  Refinery  
  16  0:52  SCV  
  17  1:04  SCV  
  18  1:16  SCV  
  19  1:28  Orbital Command  
  19  1:31  Reaper  
  20  1:48  Command Center  
  20  1:54  SCV  
  21  1:59  Supply Depot  
  21  2:02  Marine  
  22  2:13  Factory  
  22  2:16  SCV  
  23  2:24  Barracks  
  23  2:28  Barracks Reactor  
  23  2:31  SCV  
  24  2:38  Refinery  
  25  2:56  Factory Tech Lab  
  26  3:01  Orbital Command  
  26  3:06  Marine x2  
  26  3:12  Barracks Tech Lab  
  29  3:16  Siege Tank  
  32  3:23  Marine x2  
  35  3:32  Supply Depot  
  35  3:33  Marine  
  37  3:35  Combat Shield  
  38  3:45  Marine x2  
  40  3:51  Marine  
  43  3:57  Siege Tank  
  46  4:03  Engineering Bay  
  46  4:10  Barracks, Marine  
  51  4:19  Supply Depot  
  51  4:22  Refinery  
  51  4:29  Siege Tank  
  54  4:41  Supply Depot  
  60  5:11  Factory Reactor  
  60  5:16  Starport  
Spawning Tool Build Advisor. Get it on Overwolf

Analysis

There are several general approaches that Terran players have against Protoss. You can read more about them here.

Early timing is one of the options, and it is designed to hit before Protoss have a power spike with three bases. This build is an alternative to the popular 1-1-1 push. The idea is simple. You simply push out with three Siege Tank and Marines with Combat Shield. Pull some Scvs for Bunkers and repair. You then go back to a standard macro game.

This build is featured in TerranCraft's March 2019 Metagame Build Orders.

Go to:

Details

Become a Patron
  • Created by: Maxilicious  
  • Published on: Mar 18, 2019
  • Patch: 4.7.1
Show
View Real Time Build Order
Export as new Build Order

Comments (1)

On March 22, 2019, 5:16 p.m., Lukebomber  said:

Should clarify that the third barracks is built on the factory tech lab and that the factory reactor is for the starport

Create an account to comment!